 Dungeon Crawl Stone Soup version 0.21-a0-81-gc5150db (webtiles) character file.

263 KristoblXynda the Charlatan (level 5, -5/25 HPs)
             Began as a Spriggan Artificer on June 23, 2017.
             Was an Initiate of Gozag.
             Killed from afar by an orc wizard (10 damage)
             ... with a puff of frost
             ... on level 4 of the Dungeon.
             The game lasted 00:08:15 (4128 turns).

KristoblXynda the Charlatan (Spriggan Artificer)    Turns: 4128, Time: 00:08:15

Health: -5/25      AC:  2    Str:  9    XL:     5   Next: 98%
Magic:  10/10      EV: 18    Int: 12    God:    Gozag
Gold:   421        SH:  0    Dex: 17    Spells: 4/4 levels left

rFire    . . .     SeeInvis +   y - +0 dagger (curse)
rCold    . . .     Gourm    .   (shield restricted)
rNeg     . . .     Faith    .   b - +0 robe
rPois    .         Spirit   .   (helmet restricted)
rElec    .         Reflect  .   (no cloak)
rCorr    .         Harm     .   (gloves unavailable)
MR       .....                  (boots unavailable)
Stlth    +++.......             (no amulet)
HPRegen  0.08/turn              (no ring)
MPRegen  0.12/turn              (no ring)

@: lethally poisoned (-5 -> -15), gold aura, very quick
A: unfitting armour, see invisible, herbivore 3, speed 3, slow metabolism 2
a: Potion Petition, Call Merchant, Bribe Branch, Renounce Religion


You were on level 4 of the Dungeon.
You worshipped Gozag.
Gozag was aware of your devotion.
You were not hungry.

You visited 1 branch of the dungeon, and saw 4 of its levels.

You collected 458 gold pieces.
You paid 37 gold pieces to Gozag.

Inventory:

Hand Weapons
 j - a +2 short sword of electrocution
 r - a +0 dagger of speed
 y - a cursed +0 dagger (weapon)
Armour
 b - a +0 robe (worn)
 u - a +0 buckler
Jewellery
 m - a cursed +2 ring of dexterity
 t - a +3 ring of dexterity
Wands
 c - a wand of flame (22/48)
 d - a wand of enslavement (14/24)
 e - a wand of random effects (15/48)
Scrolls
 g - a scroll of teleportation
 k - 2 scrolls of recharging
 l - a scroll of magic mapping
Potions
 a - 2 potions of curing
 h - a potion of flight {unknown}
 n - 2 potions of brilliance {unknown}
 o - a potion of berserk rage {unknown}
 q - 2 potions of cancellation {unknown}
 s - a potion of might {unknown}
 v - a potion of mutation {unknown}
 z - a potion of lignification {unknown}
Comestibles
 f - 2 bread rations
 i - a royal jelly
 p - 3 fruits


   Skills:
 - Level 1.0 Fighting
 + Level 3.8 Short Blades
 - Level 3.0 Dodging
 + Level 5.5 Stealth
 + Level 5.9 Evocations


You had 4 spell levels left.
You didn't know any spells.

Dungeon Overview and Level Annotations

Branches:
Dungeon (4/15)
 Temple: D:4-7

Altars:
Cheibriados
Gozag
Hepliaklqana
Makhleb

Annotations:
D:4 DEFE's ghost, amateur OgWz


Innate Abilities, Weirdness & Mutations

You are very small and have problems with some larger weapons.
You are too small for most types of armour.
You have supernaturally acute eyesight. (SInv)
You are a herbivore.
You cover ground extremely quickly.
You need consume almost no food.


Message History

The magic dart hits the orc wizard.
The orc wizard completely misses you.
Your hound barely misses the orc wizard.
The orc closely misses you.
Unknown command.
Evoke which item? (* to show all) (? for menu, Esc to quit)
Aiming: Throw Flame
Press: ? - help, Shift-Dir - straight line, f - orc wizard, p - hound
Aim: an orc wizard, wielding an enchanted dagger and wearing a robe (severely wounded, fast, slightly transparent)
The puff of flame misses the orc wizard.
This wand has 22 charges left.
The orc wizard misses you.
The orc wizard looks satisfied for a moment.
Your hound bites the orc wizard.
DEFE's ghost shouts, "You must not succeed where I failed!"
The orc hits you with a short sword of venom!
* * * LOW HITPOINT WARNING * * *
You are lethally poisoned!
The orc wizard points at you and mumbles some strange words.
The puff of frost hits you!
You die...
Your body crumbles into a pile of gold.

$ $ ..........####.##.
... ........#.........
.... #.###.............
.... .. #.###.........
..... #.##..........
.....######.##..........
...........##..........
###.......##..........
#..@...###..........
#.oo...###........>.
#[h..>..##..........
#o..................
...W.....####.........
..#.......# #.........
oo #.......# ##........
. ...####### #........
..# .......


You could see 2 orc wizards, DEFE's ghost, an orc and a friendly hound.

Vanquished Creatures
  4 worker ants
  7 adders
  3 worms
  3 dart slugs
  3 leopard geckos
  An orc (D:3)
  11 bats
  5 giant cockroaches
  11 goblins
  10 hobgoblins
  12 jackals
  A quokka (D:3)
  3 frilled lizards
  3 kobolds
  8 rats
85 creatures vanquished.

Vanquished Creatures (collateral kills)
  A howler monkey skeleton (D:4)
  An orc (D:4)
2 creatures vanquished.

Grand Total: 87 creatures vanquished

Notes
Turn   | Place    | Note
-------+----------+-------------------------------------------
     0 | D:1      | KristoblXynda the Spriggan Artificer began the quest for the Orb.
     0 | D:1      | Reached XP level 1. HP: 9/9 MP: 4/4
    42 | D:1      | Reached skill level 1 in Fighting
    69 | D:1      | Reached XP level 2. HP: 3/14 MP: 6/6
   632 | D:1      | Reached XP level 3. HP: 14/18 MP: 7/7
  1740 | D:2      | Reached XP level 4. HP: 21/22 MP: 8/8
  1773 | D:2      | Found an opulent altar of Gozag.
  1787 | D:2      | Found Gozag's Platinum Reserve.
  1865 | D:2      | Became a worshipper of Gozag Ym Sagoz the Greedy
  2253 | D:2      | Found a snail-covered altar of Cheibriados.
  2253 | D:2      | Found a hazy altar of Hepliaklqana.
  2256 | D:2      | Reached skill level 5 in Evocations
  2716 | D:3      | Found a burning altar of Makhleb.
  2971 | D:3      | Reached XP level 5. HP: 18/25 MP: 9/9
  3685 | D:3      | Reached skill level 5 in Stealth
  4124 | D:4      | Noticed DEFE's ghost (amateur OgWz)
  4126 | D:4      | HP: 1/25 [orc wizard/puff of flame (8)]
  4128 | D:4      | Killed from afar by an orc wizard

Vault maps used:
D:1:      eino_arrival_water_cross, minmay_box_of_dots
D:2:      nicolae_gozag_zags_fifth_avenue,
          chequers_temple_overflow_statue_of_worship, serial_forest,
          infiniplex_forest_zigzag_1, infiniplex_forest_3_way,
          infiniplex_forest_join, infiniplex_forest_lined_room_3,
          infiniplex_forest_zigzag_1, infiniplex_forest_fountain,
          infiniplex_forest_clump_curved
D:3:      bloody_makhleb, first_bread, minmay_tree_intersection
D:4:      hangedman_ru_absence, lemuel_crystal_altar,
          minmay_temple_entry_statues_fountains, xom_teletrap_fun,
          uniq_menkaure, uniq_sigmund

Skill      XL: |  1  2  3  4  5 |
---------------+----------------+-----
Fighting       | 1 |  1.0
Stealth        | 2 3 4 5 |  5.5
Short Blades   | 2 3 |  3.8
Evocations     | 5 |  5.9
Dodging        | |  3.0

Action                   |  1- 3 |  4- 6 || total
-------------------------+-------+-------++-------
Melee: Short sword       |   122 |    50 ||   172
       Dagger            |       |    98 ||    98
Evoke: Wand              |     6 |     6 ||    12
  Use: Scroll            |       |     9 ||     9
       Potion            |       |     2 ||     2
 Stab: Sleeping          |     6 |    14 ||    20
       Distracted        |       |     1 ||     1
  Eat: Fruit             |       |     1 ||     1
Armor: Robe              |    12 |    11 ||    23
Dodge: Dodged            |    93 |   115 ||   208
